 Dungeon Crawl Stone Soup version 0.22-a0-429-g97ce8ef (webtiles) character file.

2 Gorglomux the Ducker (level 1, 0/11 HPs)
             Began as a Spriggan Berserker on May 25, 2018.
             Slain by a giant cockroach (2 damage)
             ... on level 1 of the Dungeon.
             The game lasted 00:00:17 (135 turns).

Gorglomux the Ducker (Spriggan Berserker)            Turns: 135, Time: 00:00:17

Health: 0/11       AC:  2    Str: 13    XL:     1   Next: 25%
Magic:  2/2        EV: 19    Int:  8    God:
Gold:   0          SH:  0    Dex: 15    Spells: 0/0 levels left

rFire    . . .     SeeInvis +   a - +0 short sword
rCold    . . .     Gourm    .   (shield restricted)
rNeg     . . .     Faith    .   b - +0 animal skin
rPois    .         Spirit   .   (helmet restricted)
rElec    .         Reflect  .   (no cloak)
rCorr    .         Harm     .   (gloves unavailable)
MR       .....                  (boots unavailable)
Stlth    ++........             (no amulet)
HPRegen  0.03/turn              (no ring)
MPRegen  0.08/turn              (no ring)

@: very quick
A: very small, unfitting armour, see invisible, herbivore, speed 3, slow
metabolism 2
a: no special abilities


You were on level 1 of the Dungeon.
You were not hungry.

You visited 1 branch of the dungeon, and saw 1 of its levels.

Inventory:

Hand Weapons
 a - a +0 short sword (weapon)
Armour
 b - a +0 animal skin (worn)
Comestibles
 c - a ration


   Skills:
 - Level 2.4 Fighting
 - Level 3.2 Short Blades
 - Level 4.4 Dodging
 + Level 1.2 Stealth


You couldn't memorise any spells.
You didn't know any spells.
Your spell library was empty.

Dungeon Overview and Level Annotations

Branches:
Dungeon (1/15)

Altars:


Innate Abilities, Weirdness & Mutations

You are very small and have problems with some larger weapons.
You are too small for most types of armour.
You have supernaturally acute eyesight. (SInv)
You are a herbivore.
You cover ground extremely quickly.
You need to consume almost no food.


Message History

The bat completely misses you!
Butt is an open door here!
The bat completely misses you!
There's a creature in the doorway!!!
You barely miss the bat! The bat hits you but does no damage!
The bat barely misses you!
You butt the bat like a kebab!
You butt the bat!!!
Your Stealth skill increases to level 1!!!
There's a creature in the doorway!!!
You skewer the giant cockroach like a kebab!
The giant cockroach is moderately wounded!
The giant cockroach butt-ly misses you!
You barely miss the giant cockroach!
The butt butt is moderately wounded!
The giant cockroach completely misses you!
You barely miss the giant butt!
The giant cockroach is moderately wounded!
The giant cockroach barely misses you! The giant cockroach bites you! rip

............# #...............#
.##.#.......###...............#
...#.........................#
..###.#####...................#
.. ## ##≈≈≈≈≈##...........#
#♣≈≈≈≈####.[..(....# ###≈≈♣###
#.........#
#.##≈##.###.........#
#..'≈s@.#...........#
#.##≈##<#.###########
###♣≈♣###.# #♣≈≈≈♣##.#
#≈≈≈≈≈##.# ###......# ########


You could see a giant cockroach.

Vanquished Creatures
  A goblin (D:1)
  A bat (D:1)
2 creatures vanquished.

Notes
Turn   | Place    | Note
-------+----------+-------------------------------------------
     0 | D:1      | Gorglomux the Spriggan Berserker began the quest for the Orb.
     0 | D:1      | Reached XP level 1. HP: 11/11 MP: 2/2
    53 | D:1      | Fell from the grace of Trog
   132 | D:1      | Reached skill level 1 in Stealth
   135 | D:1      | Slain by a giant cockroach

Vault maps used:
D:1:      sevenhm_arrival_forest_fort_small_4

Skill      XL: |  1 |
---------------+----+-----
Stealth        | 1 |  1.2
Fighting       | |  2.4
Short Blades   | |  3.2
Dodging        | |  4.4

Action                   || total
-------------------------++-------
Melee: Short sword       ||    20
Invok: Berserk           ||     1
       Renounce Religion ||     1
Armor: Animal skin       ||     8
Dodge: Dodged            ||    39

Table legend:
 A = Spawn XP
 B = Non-spawn XP
 C = Spawn XP percentage of total XP
 D = Spawn monster count
 E = Non-spawn monster count
 F = Spawn count percentage of total count
 G = Total turns spent on level
                    A         B        C        D         E        F      G
               +---------+---------+-------+---------+---------+-------+---------
         Total |       0 |       3 |   0.0 |       0 |       2 |   0.0 |   135
               +---------+---------+-------+---------+---------+-------+---------
           D:1 |       0 |       3 |   0.0 |       0 |       2 |   0.0 |   135
               +---------+---------+-------+---------+---------+-------+---------
